Cogmind - Beta 11.1 @@@ ROGUE MODE // 2022.04.28 @ 02:46:31 // AFD2019/Pay2Buy Player: Torako Result: Destroyed by S-43 Plague with Heavy Machine Gun Performance ------------- Evolutions (8) 4000 Regions Visited (9) 1800 Robots Destroyed (0) 0 Value Destroyed (0) 0 Prototype IDs (1) 20 Alien Tech Used (0) 0 Bonus (5711) 5711 TOTAL SCORE: 11531 Bonus ------- Pacifist 5711 Cogmind --------- Core Integrity 0/1450 Matter 236/300 Energy 99/100 System Corruption 0% Temperature Cool (0) Movement Core (50) Location -2/Research Parts ------- > --- POWER (1) -------- (None) > --- PROPULSION (3) --- (None) > --- UTILITY (17) ----- (None) > --- WEAPON (2) ------- (None) > --- INVENTORY (10) --- Enhanced Nova Cannon Peak State ------------ > --- POWER ------------ (None) > --- PROPULSION ------- VTOL Module Improved VTOL Module > --- UTILITY ---------- Hacking Suite Hacking Suite > --- WEAPON ----------- Heavy Flail > --- INVENTORY -------- (None) [Rating: 15] Favorites ----------- Power None Propulsion Improved VTOL Module Flight Unit Improved VTOL Module Utility Hacking Suite Hackware Hacking Suite Weapon Heavy Flail Impact Weapon Heavy Flail Build | -11 -10 -9 -8 -7 -6 -5 -4 -3 -2 ------- Run | Scr Mat Mat Mat Fac Fac Fac Fac Res Res Slots Evolved 16 | . . 2 2 2 2 2 2 2 2 Power . | . . . . . . . . . . Propulsion 1 | . . . 1 . . . . . . Utility 15 | . . 2 1 2 2 2 2 2 2 Weapon . | . . . . . . . . . . Parts Attached . | . . . . . . . . . . Power . | . . . . . . . . . . Engine . | . . . . . . . . . . Core . | . . . . . . . . . . Reactor . | . . . . . . . . . . Propulsion . | . . . . . . . . . . Treads . | . . . . . . . . . . Leg . | . . . . . . . . . . Wheel . | . . . . . . . . . . Hover . | . . . . . . . . . . Flight . | . . . . . . . . . . Utility . | . . . . . . . . . . Device . | . . . . . . . . . . Storage . | . . . . . . . . . . Processor . | . . . . . . . . . . Hackware . | . . . . . . . . . . Protection . | . . . . . . . . . . Artifact . | . . . . . . . . . . Weapon . | . . . . . . . . . . Energy Gun . | . . . . . . . . . . Energy Cannon . | . . . . . . . . . . Ballistic Gun . | . . . . . . . . . . Ballistic Cannon . | . . . . . . . . . . Launcher . | . . . . . . . . . . Special Weapon . | . . . . . . . . . . Impact Weapon . | . . . . . . . . . . Slashing Weapon . | . . . . . . . . . . Piercing Weapon . | . . . . . . . . . . Special Melee Weapon . | . . . . . . . . . . Unidentified Prototypes . | . . . . . . . . . . Parts Lost 5 | . . . . 2 . 1 1 1 . Power . | . . . . . . . . . . Propulsion 2 | . . . . 1 . . 1 . . Utility 2 | . . . . 1 . . . 1 . Weapon 1 | . . . . . . 1 . . . Highest Loss Streak 2 | . . . . 2 . 1 1 1 . To Critical Strikes 2 | . . . . . . 1 1 . . Average Slot Usage (%) 13 | . 14 44 36 26 20 12 6 3 . Flight 5 | . 14 22 18 8 6 5 1 . . Hackware 5 | . . 22 18 8 6 5 5 3 . Impact Weapon 1 | . . . . 7 6 1 . . . Naked Turns 113 | . . . . . . . . 10 103 Heaviest Build 3 | . . . . 3 3 3 . . . Greatest Support 9 | 4 4 9 9 9 5 5 5 3 3 Greatest Overweight (x) . | . . . . . . . . . . Average Overweight (x) . | . . . . . . . . . . Largest Inventory Capacity 10 | 10 10 10 10 10 10 10 10 10 10 Average Capacity 10 | 10 10 10 10 10 10 10 10 10 10 Most Carried 1 | . . . . . . . . . 1 Average Carried . | . . . . . . . . . . Final Capacity 10 | 10 10 10 10 10 10 10 10 10 10 Final Carried 1 | . . . . . . . . . 1 Class Distribution -------------------- 90% | Mutant 9% | Hacker-Sprinter Dominant Class ---------------- Mutant | -10/Materials Hacker-Sprinter | -9/Materials Hacker-Sprinter | -8/Materials Mutant | -7/Factory Mutant | -6/Factory Mutant | -5/Factory Mutant | -4/Factory Mutant | -3/Research Mutant | -2/Research Resources | -11 -10 -9 -8 -7 -6 -5 -4 -3 -2 ----------- Run | Scr Mat Mat Mat Fac Fac Fac Fac Res Res Matter Collected 45 | . . . . 26 . 1 18 . . Remotely . | . . . . . . . . . . Salvage Created . | . . . . . . . . . . Parts . | . . . . . . . . . . Haulers Intercepted . | . . . . . . . . . . Recyclers Shooed . | . . . . . . . . . . Parts Field Recycled . | . . . . . . . . . . Retrieved Matter . | . . . . . . . . . . Parts Self-Destructed . | . . . . . . . . . . Prevented . | . . . . . . . . . . Kills | -11 -10 -9 -8 -7 -6 -5 -4 -3 -2 ------- Run | Scr Mat Mat Mat Fac Fac Fac Fac Res Res Combat Hostiles Destroyed . | . . . . . . . . . . Classes Destroyed . | . . . . . . . . . . Best Kill Streak . | . . . . . . . . . . Combat Bots Only . | . . . . . . . . . . Max Kills in Single Turn . | . . . . . . . . . . Gunslinging . | . . . . . . . . . . Exploded . | . . . . . . . . . . Melee . | . . . . . . . . . . Uniques/NPCs Destroyed . | . . . . . . . . . . Combat | -11 -10 -9 -8 -7 -6 -5 -4 -3 -2 -------- Run | Scr Mat Mat Mat Fac Fac Fac Fac Res Res Damage Taken 4094 | . . 27 . 408 270 408 367 1149 1465 Core 3813 | . . 10 . 284 228 359 339 1128 1465 Absorbed by Shields 41 | . . . . 41 . . . . . Core Remaining (%) 75 | 100 100 97 100 59 73 64 70 13 . Volleys Fired . | . . . . . . . . . . Largest . | . . . . . . . . . . Hottest . | . . . . . . . . . . Shots Fired . | . . . . . . . . . . Gun . | . . . . . . . . . . Cannon . | . . . . . . . . . . Launcher . | . . . . . . . . . . Special . | . . . . . . . . . . Kinetic . | . . . . . . . . . . Thermal . | . . . . . . . . . . Explosive . | . . . . . . . . . . Electromagnetic . | . . . . . . . . . . Robot Hit Streak . | . . . . . . . . . . Robot Miss Streak . | . . . . . . . . . . Penetration Max . | . . . . . . . . . . Secondary Targets . | . . . . . . . . . . Shots Hit Robots . | . . . . . . . . . . Core Hits 1 | . . . . . . . . . 1 Critical Kills . | . . . . . . . . . . Critical Parts Destroyed . | . . . . . . . . . . Critical Strikes . | . . . . . . . . . . Melee Attacks 15 | . . . . 4 11 . . . . Impact 15 | . . . . 4 11 . . . . Slashing . | . . . . . . . . . . Piercing . | . . . . . . . . . . Sneak Attacks . | . . . . . . . . . . Combat Hostiles . | . . . . . . . . . . Follow-up Attacks . | . . . . . . . . . . Damage Inflicted 88 | . . . . . . . 20 8 60 Guns . | . . . . . . . . . . Cannons . | . . . . . . . . . . Explosions . | . . . . . . . . . . Melee . | . . . . . . . . . . Ramming 88 | . . . . . . . 20 8 60 Kinetic . | . . . . . . . . . . Thermal . | . . . . . . . . . . Explosive . | . . . . . . . . . . Electromagnetic . | . . . . . . . . . . Impact . | . . . . . . . . . . Slashing . | . . . . . . . . . . Piercing . | . . . . . . . . . . Highest Corruption 1 | . . . . . . . 1 . . Average Corruption 1 | . . . . . . . 1 . . Corruption Purged . | . . . . . . . . . . Corruption Blocked . | . . . . . . . . . . Effects 1 | . . . . . . . 1 . . Data Loss (minor) 1 | . . . . . . . 1 . . Overload Shots . | . . . . . . . . . . Overflow Damage . | . . . . . . . . . . Projectiles . | . . . . . . . . . . Explosions . | . . . . . . . . . . Melee . | . . . . . . . . . . Knockbacks 2 | . . . . . . . 2 . . Impact 2 | . . . . . . . 2 . . Kinetic . | . . . . . . . . . . Secondary . | . . . . . . . . . . Self-Inflicted Damage 39 | . . . . . . . 8 4 27 Shots . | . . . . . . . . . . Rammed 20 | . . . . . . . 6 1 13 Targets Rammed 20 | . . . . . . . 6 1 13 Kicked . | . . . . . . . . . . Crushed . | . . . . . . . . . . Highest Temperature . | . . . . . . . . . . Average Temperature . | . . . . . . . . . . Received Heat Transfer 456 | . . 15 . 18 18 9 60 129 207 Siege Activations . | . . . . . . . . . . Robots Corrupted . | . . . . . . . . . . Combat Hostiles . | . . . . . . . . . . Parts Fried . | . . . . . . . . . . Impact Corruptions . | . . . . . . . . . . Robots Melted . | . . . . . . . . . . Combat Hostiles . | . . . . . . . . . . Parts Melted . | . . . . . . . . . . Heat Transferred . | . . . . . . . . . . Parts Sabotaged . | . . . . . . . . . . Parts Stolen . | . . . . . . . . . . Parts Stripped . | . . . . . . . . . . Power Chain Reactions . | . . . . . . . . . . Missiles Intercepted . | . . . . . . . . . . Alert | -11 -10 -9 -8 -7 -6 -5 -4 -3 -2 ------- Run | Scr Mat Mat Mat Fac Fac Fac Fac Res Res Peak Influence 393 | . 29 26 35 83 222 162 369 393 379 Initial 220 | . . 11 10 15 40 108 79 193 220 Average 173 | . 20 19 20 39 113 138 265 278 262 Maximum Alert Level 1 | . . . . . 1 . 1 1 1 Low Security (%) 59 | 100 100 100 100 100 96 100 23 18 . Level 1 40 | . . . . . 3 . 76 81 100 Level 2 . | . . . . . . . . . . Level 3 . | . . . . . . . . . . Level 4 . | . . . . . . . . . . Level 5 . | . . . . . . . . . . High Security . | . . . . . . . . . . Max Security . | . . . . . . . . . . Squads Dispatched 12 | . 1 1 1 1 1 . 3 3 1 Investigation 5 | . . . . . . . 2 2 1 Extermination . | . . . . . . . . . . Reinforcement 7 | . 1 1 1 1 1 . 1 1 . Assault . | . . . . . . . . . . Garrison . | . . . . . . . . . . Intercept . | . . . . . . . . . . Searches Triggered . | . . . . . . . . . . Construction Impeded . | . . . . . . . . . . Haulers Reinforced 1 | . . . . . . . 1 . . Active Scanning Responses . | . . . . . . . . . . Cargo Convoy Interrupts . | . . . . . . . . . . Stealth | -11 -10 -9 -8 -7 -6 -5 -4 -3 -2 --------- Run | Scr Mat Mat Mat Fac Fac Fac Fac Res Res Distress Signals 4 | . . . . . 1 . . 1 2 Communications Jammed . | . . . . . . . . . . Distress Signals . | . . . . . . . . . . Times Spotted 97 | . 1 6 2 10 13 2 17 30 16 Peak Tracking Total 20 | . . 6 1 6 7 2 10 20 15 Tactical Retreats 13 | . . . . 1 3 1 3 3 2 Traps | -11 -10 -9 -8 -7 -6 -5 -4 -3 -2 ------- Run | Scr Mat Mat Mat Fac Fac Fac Fac Res Res Traps Triggered 5 | . . . . 1 . . 1 3 . Indirectly . | . . . . . . . . . . Trap Hack Attempts . | . . . . . . . . . . Triggered . | . . . . . . . . . . Disarmed . | . . . . . . . . . . Reprogrammed . | . . . . . . . . . . Reused . | . . . . . . . . . . Traps Extracted . | . . . . . . . . . . Installed . | . . . . . . . . . . Triggered . | . . . . . . . . . . Machines | -11 -10 -9 -8 -7 -6 -5 -4 -3 -2 ---------- Run | Scr Mat Mat Mat Fac Fac Fac Fac Res Res Machines Disabled . | . . . . . . . . . . Max in Single Turn . | . . . . . . . . . . Machines Sabotaged . | . . . . . . . . . . Garrisons Compromised . | . . . . . . . . . . Overloaded Fab Kills . | . . . . . . . . . . Hacking | -11 -10 -9 -8 -7 -6 -5 -4 -3 -2 --------- Run | Scr Mat Mat Mat Fac Fac Fac Fac Res Res Machines Accessed 16 | . 3 2 1 1 1 2 3 1 2 Terminals 16 | . 3 2 1 1 1 2 3 1 2 Fabricators . | . . . . . . . . . . Repair Stations . | . . . . . . . . . . Recycling Units . | . . . . . . . . . . Scanalyzers . | . . . . . . . . . . Garrison Access . | . . . . . . . . . . Total Hacks 44 | . 10 4 2 3 4 5 8 3 5 Successful 19 | . 4 2 1 2 2 3 2 2 1 Failed 25 | . 6 2 1 1 2 2 6 1 4 Catastrophic 3 | . 1 . . . . . 2 . . Database Lockouts . | . . . . . . . . . . Manual 31 | . 10 3 2 . 4 2 2 3 5 Terminals 44 | . 10 4 2 3 4 5 8 3 5 Fabricators . | . . . . . . . . . . Repair Stations . | . . . . . . . . . . Recycling Units . | . . . . . . . . . . Scanalyzers . | . . . . . . . . . . Garrison Access . | . . . . . . . . . . Terminal Hacks 13 | . 2 1 . 2 1 2 2 2 1 Level Access Points 5 | . 1 1 . 1 . . . 1 1 Branch Access Points 2 | . . . . . . . 1 1 . Terminal Index 2 | . 1 . . . 1 . . . . Zone Layout 4 | . . . . 1 . 2 1 . . Fabricator Hacks . | . . . . . . . . . . Repair Station Hacks . | . . . . . . . . . . Recycling Unit Hacks . | . . . . . . . . . . Scanalyzer . | . . . . . . . . . . Garrison Access Hacks . | . . . . . . . . . . Unauthorized Hacks 6 | . 2 1 1 . 1 1 . . . Terminals 6 | . 2 1 1 . 1 1 . . . Botnet 6 | . 2 1 1 . 1 1 . . . Fabricators . | . . . . . . . . . . Repair Stations . | . . . . . . . . . . Recycling Units . | . . . . . . . . . . Scanalyzers . | . . . . . . . . . . Garrison Access . | . . . . . . . . . . Data Cores Recovered . | . . . . . . . . . . Used . | . . . . . . . . . . Hacking Detections 14 | . 2 1 1 1 1 2 3 1 2 Full Trace Events 4 | . . . . . . . 2 1 1 Feedback Events . | . . . . . . . . . . Feedback Blocked . | . . . . . . . . . . Robot Schematics Acquired . | . . . . . . . . . . Robots Built . | . . . . . . . . . . Authchips . | . . . . . . . . . . Time . | . . . . . . . . . . Total Robot Build Rating . | . . . . . . . . . . Part Schematics Acquired . | . . . . . . . . . . Parts Built . | . . . . . . . . . . Authchips . | . . . . . . . . . . Time . | . . . . . . . . . . Total Part Build Rating . | . . . . . . . . . . Parts Repaired . | . . . . . . . . . . Time . | . . . . . . . . . . Parts Recycled . | . . . . . . . . . . Recycled Matter . | . . . . . . . . . . Retrieved Matter . | . . . . . . . . . . Retrieved Components . | . . . . . . . . . . Parts Scanalyzed . | . . . . . . . . . . Part Schematics Acquired . | . . . . . . . . . . Parts Damaged . | . . . . . . . . . . Bothacking | -11 -10 -9 -8 -7 -6 -5 -4 -3 -2 ------------ Run | Scr Mat Mat Mat Fac Fac Fac Fac Res Res Used RIF Installer . | . . . . . . . . . . Robots Hacked . | . . . . . . . . . . Non-combat . | . . . . . . . . . . Combat . | . . . . . . . . . . Robot Hacks Applied . | . . . . . . . . . . Relay Couplers Released . | . . . . . . . . . . Fabnet Peak Effective % . | . . . . . . . . . . Robots Rewired . | . . . . . . . . . . Allies Hacked . | . . . . . . . . . . Hacks Repelled . | . . . . . . . . . . Allies | -11 -10 -9 -8 -7 -6 -5 -4 -3 -2 -------- Run | Scr Mat Mat Mat Fac Fac Fac Fac Res Res Total Allies . | . . . . . . . . . . Largest Group . | . . . . . . . . . . Highest-Rated Group . | . . . . . . . . . . Highest-Rated Ally . | . . . . . . . . . . Total Orders . | . . . . . . . . . . Ally Attacks . | . . . . . . . . . . Total Damage . | . . . . . . . . . . Kills . | . . . . . . . . . . Allies Corrupted . | . . . . . . . . . . Allies Melted . | . . . . . . . . . . Intel | -11 -10 -9 -8 -7 -6 -5 -4 -3 -2 ------- Run | Scr Mat Mat Mat Fac Fac Fac Fac Res Res Robot Analysis Total . | . . . . . . . . . . Derelict Logs Recovered . | . . . . . . . . . . Drone Launches . | . . . . . . . . . . Drone Recoveries . | . . . . . . . . . . Exploration | -11 -10 -9 -8 -7 -6 -5 -4 -3 -2 ------------- Run | Scr Mat Mat Mat Fac Fac Fac Fac Res Res Turns Passed 782 | 6 36 34 23 57 159 95 151 118 103 Spaces Moved 1788 | 18 102 106 68 105 374 271 332 234 178 Core 605 | . . . . . . . 193 234 178 Treads . | . . . . . . . . . . Legs . | . . . . . . . . . . Wheels . | . . . . . . . . . . Hover . | . . . . . . . . . . Flight 1183 | 18 102 106 68 105 374 271 139 . . Fastest Speed 32 | 35 35 32 32 32 35 35 35 50 50 Average Speed 39 | 35 35 32 32 33 35 35 43 50 50 Slowest Speed 50 | 35 35 32 32 35 35 35 50 50 50 Overloaded Moves . | . . . . . . . . . . Propulsion Burnouts . | . . . . . . . . . . Robots Hopped 16 | . 1 1 1 7 1 5 . . . Cave-ins Triggered . | . . . . . . . . . . Exploration Rate (%) 14 | 3 38 21 13 5 17 13 14 17 7 Regions Visited 9 Branch Regions . Pre-discovered Areas . | . . . . . . . . . . Known Exits Taken 4 | . 1 1 . 1 . . . 1 . Unknown Exits Taken 5 | 1 . . 1 . 1 1 1 . . Scrap Searched . | . . . . . . . . . . Spaces Dug 15 | . . . . 4 11 . . . . Terrain Destroyed 15 | . . . . 4 11 . . . . Melee 15 | . . . . 4 11 . . . . Projectile . | . . . . . . . . . . AOE . | . . . . . . . . . . Terrain Rammed . | . . . . . . . . . . Walls Destroyed . | . . . . . . . . . . Machines Disabled . | . . . . . . . . . . Actions | -11 -10 -9 -8 -7 -6 -5 -4 -3 -2 --------- Run | Scr Mat Mat Mat Fac Fac Fac Fac Res Res Total 1811 | 17 100 104 67 112 383 265 337 234 192 Wait 1 | . . . 1 . . . . . . Move 1748 | 17 99 103 65 91 371 260 331 233 178 Hop 15 | . 1 1 1 6 1 5 . . . Pick Up . | . . . . . . . . . . Fast Attach . | . . . . . . . . . . Attach . | . . . . . . . . . . Detach 1 | . . . . . . . . . 1 Swap . | . . . . . . . . . . Drop . | . . . . . . . . . . Fire . | . . . . . . . . . . Melee 15 | . . . . 4 11 . . . . Ram 20 | . . . . . . . 6 1 13 Kick . | . . . . . . . . . . Crush . | . . . . . . . . . . Escape Stasis 11 | . . . . 11 . . . . . Rewire . | . . . . . . . . . . Trap . | . . . . . . . . . . Miscellaneous . | . . . . . . . . . . Route ------- -11/Scrapyard -10/Materials (discovered 3 exits: *Mat x3) -9/Materials (discovered 3 exits: *Mat x3) -8/Materials -7/Factory (discovered 4 exits: *Fac x4) -6/Factory -5/Factory -4/Factory (discovered 3 exits: *Res / Upp x2) -3/Research (discovered 6 exits: *Res x3 / Arm / Tes x2) -2/Research (discovered 3 exits: Acc x3) History --------- Turn | Location | Event 3 | -11/Scrapyard | Discovered new exit (range 13) 7 | -11/Scrapyard | Entered Materials 36 | -10/Materials | Met 8R-AWN 38 | -10/Materials | Identified exit to Materials 43 | -10/Materials | Entered another Materials area 43 | -9/Materials | Evolved 2 slots: Utility x2 68 | -9/Materials | Identified exit to Materials 77 | -9/Materials | Entered another Materials area 77 | -8/Materials | Evolved 2 slots: Propulsion x1, Utility x1 94 | -8/Materials | Discovered new exit (range 16) 100 | -8/Materials | Entered Factory 100 | -7/Factory | Evolved 2 slots: Utility x2 106 | -7/Factory | Identified exit to Factory 157 | -7/Factory | Entered another Factory area 157 | -6/Factory | Evolved 2 slots: Utility x2 313 | -6/Factory | Discovered new exit (range 8) 316 | -6/Factory | Entered another Factory area 316 | -5/Factory | Evolved 2 slots: Utility x2 406 | -5/Factory | Discovered new exit (range 15) 411 | -5/Factory | Entered another Factory area 411 | -4/Factory | Evolved 2 slots: Utility x2 419 | -4/Factory | Build established: Mutant 529 | -4/Factory | Identified exit to Upper Caves 559 | -4/Factory | Discovered new exit (range 7) 562 | -4/Factory | Entered Research 562 | -3/Research | Evolved 2 slots: Utility x2 591 | -3/Research | Spotted B-86 Titan 595 | -3/Research | Identified exit to Armory 595 | -3/Research | Identified exit to Testing 595 | -3/Research | Identified exit to Research 654 | -3/Research | Spotted B-86 Titan 665 | -3/Research | Core integrity fell below 50% 679 | -3/Research | Core integrity fell below 20% 680 | -3/Research | Entered another Research area 680 | -2/Research | Evolved 2 slots: Utility x2 742 | -2/Research | Spotted B-90 Cyclops 755 | -2/Research | Identified exit to Access 762 | -2/Research | Core integrity fell below 50% 773 | -2/Research | Core integrity fell below 20% 783 | -2/Research | Destroyed by S-43 Plague with Heavy Machine Gun Last Messages --------------- (106,18) (124,84) (88,167) Map updated. ALERT: Suspicious activity at Terminal R005. Dispatching Investigation squad. Slammed into S-43 Plague. Slammed into G-73 Enforcer. [SPECIAL: For the next 500 turns your loot boxes might contain... 0b10 Alert Chip!] Slammed into G-73 Enforcer. K-01 Serf cleans the Ion Accelerator. Slammed into G-73 Enforcer. U-05 Engineer builds a Wall. Slammed into G-73 Enforcer. Slammed into S-43 Plague. U-05 Engineer builds a Wall. B-90 Cyclops activates siege mode. K-01 Serf cleans the Ion Accelerator. Slug penetrates Wall. Map ----- +----------------------------------------------------+ | ??????????????????????????????????????????# #????? | | ??????????????????????????????????????????# #????? | | ??????????????????????????????????????????# #????? | | ??????????????????????????????????????????# #????? | | ??????????????????????????????????#######?# #????? | | ??????????????????????????????????# #?# #????? | | ????????/########?????????????????# ### #????? | | ????? #?????????????????# #????? | | ????" #?????????????????# ###+###### | | ???"" #?????????????????# #?# # | | ???T +?????????????????### ###?# # | | ??""" #???????????????????# #???# # | | ??"" #???????????????????# #???# # | | #### #???????????????????# #???# # | | #????????????########/##### # | | ^ #????????????# ######## | | ##???????????# #??????? | | """ % ##???????????# """ """ #??????? | | """ ###########??# """ """ #??????? | | """ # #??# """ """ #??????? | | """ ^ # #??# #??????? | | """ # """s #??# #??????? | | # """" #??# """ """ #??????? | | # s"""" #??# """ T" #?????## | | ggg s/ """ #??# """ """ #???? | | ##### ### " # s @#??# #???? | | ????# # # # # #??# #??? | | ????# " #### ###################/####+####? | | ????# # ##?# # | | ????# ###??# # | | ????# #????# ^ + | | ????# #????# """ # | | ????# #????####/### """ ###### # | | ????# #???????? ?# """ ######+#? | | ?####/###?????? # """ # #? | | ?# #?????? # """ # #?? | | ?# #?????? # # #??### | | ?# T #?????? # + #????? | | ?# #?????? ?# # #????? | | ?# #?????? ??######## ######## #????? | | ?# #????????????????# #??????# #????? | | ?#+######????????????????# ##################?? | | ?# #?????????????????????# #?? | | ?# #?????????????????????# #?? | | ?# #?????????????????????# #?? | | ? #?????????????????????# #?? | | ?T #?????????????????????####+######+###########?? | | ?# #??????????????????????? ??# ??????????? | | ? ?????????????????????# # ????????? | | ? ?????????????????????# ""#""" ??????? | +----------------------------------------------------+ Best States ------------- Heat Dissipation 49 Energy Generation 5 Energy Capacity 100 Matter Stores 236 Matter Capacity 300 Sight Range 16 Terrain Scan Density 10 Evasion (%) 63 Offensive Hacking 20 Item Schematics ----------------- None Robot Schematics ------------------ None Fabricated ------------ Nothing Alien Tech Used ----------------- None Achievements -------------- None Challenges ------------ None Cogshop Purchases (6) ----------------------- VTOL Module (1049) Imp. VTOL Module (1199) Hacking Suite (1199) Hacking Suite (1199) Hvy. Flail (667) Enh. Nova Cannon (Loot Box) Game ------ Seed ImpulseRemoteSink Manual? 0 Play Time 00:21:11 Cumulative 311.8 hours Start 2022.04.28 @ 02:27:41 End 2022.04.28 @ 02:46:31 Sessions 1 Manual Loads 0 Difficulty Rogue Special Mode AFD2019/Pay2Buy Game No. 307 Rogue 307 Adventurer 0 Explorer 0 Win Type - Total 18 Types 12/0/4/2/0/0/0/0/0 Lore% 81 Gallery% 88 Achievement% 77 Wizard Run 0 Options --------- ASCII 0 Keyboard 1 Movement Numpad Keybinds 0 Fullscreen 1 Font 18/SmallcapsGlow Map View 76x50 Tactical HUD 1 Map Filters NONE Filters NONE Steam 1 RUN: 11de3b85-03ae-4013-9fad-e12d3f748bdd